 Dungeon Sprint DCSS version 0.23.2-40-g277498a001 (webtiles) character file.

Game seed: 10933537521228246812

581 Cryoshakespeare the Fighter (level 7, -27/81 HPs)
             Began as an Ogre Transmuter on Sept 23, 2019.
             Was a Believer of Qazlal.
             Annihilated by a catoblepas (33 damage)
             ... in the Dungeon (Sprint IX: "|||||||||||||||||||||||||||||").
             The game lasted 00:06:07 (811 turns).

Cryoshakespeare the Fighter (Ogre Transmuter)        Turns: 811, Time: 00:06:08

Health: -27/81     AC:  2    Str: 17    XL:     7   Next: 36%
Magic:  10/16      EV: 25    Int: 14    God:    Qazlal [**....]
Gold:   0          SH:  2    Dex: 20    Spells: 14/18 levels left

rFire    . . .     SeeInvis .     - Unarmed
rCold    . . .     Gourm    .   (shield currently unavailable)
rNeg     . . .     Faith    .   (armour currently unavailable)
rPois    x         Spirit   .   (helmet currently unavailable)
rElec    .         Reflect  .   (cloak currently unavailable)
rCorr    .         Harm     .   (gloves unavailable)
MR       .....     NoTele   +   (boots unavailable)
Stlth    ++........             (no amulet)
HPRegen  0.23/turn              n - +3 ring of dexterity
MPRegen  0.15/turn              o - +3 ring of dexterity

@: spider-form
A: tiny, unfitting armour
a: End Transformation, Upheaval, Renounce Religion


You were in the Dungeon.
You worshipped Qazlal.
Qazlal was pleased with you.
You were not hungry.
You were a venomous arachnid creature.
You visited 1 branch

Inventory:

Missiles
 a - 23 arrows
Armour
 b - a +0 robe (melded)
Magical Staves
 m - an uncursed staff of energy (melded)
Jewellery
 n - a +3 ring of dexterity (left front leg)
 o - a +3 ring of dexterity (right front leg)
Wands
 l - a wand of acid (10)
Scrolls
 i - 3 scrolls of remove curse
 j - 2 scrolls of blinking
 k - 2 scrolls of amnesia
Potions
 e - 5 potions of curing
 f - 2 potions of heal wounds
 g - a potion of haste
 h - 4 potions of magic
Comestibles
 d - a ration


   Skills:
 + Level 8.3 Fighting
 + Level 6.0 Dodging
 + Level 6.3 Unarmed Combat
 + Level 6.1 Spellcasting
 - Level 8.1 Transmutations
 - Level 3.6 Poison Magic


You had 14 spell levels left.
You knew the following spells:

 Your Spells              Type           Power        Failure   Level  Hunger
a - Beastly Appendage     Tmut           ####..       3%          1    None
b - Spider Form           Tmut/Pois      ###.......   13%         3    ###....

Your spell library contained the following spells:

 Spells                   Type           Power        Failure   Level  Hunger
 Sticks to Snakes         Tmut           ####....     4%          2    #......
 Blade Hands              Tmut           ####......   34%         5    ######.
 Ice Form                 Ice/Tmut       ###.....     50%         4    ####...


Dungeon Overview and Level Annotations

Branches:
Dungeon (1/1)

Altars:
Cheibriados
Dithmenos
Elyvilon
Fedhas
Gozag
Hepliaklqana
Kikubaaqudgha
Makhleb
Nemelex Xobeh
Okawaru
Qazlal
Ru
Sif Muna
Trog
Uskayaw
Vehumet
Wu Jian
Xom
Yredelemnul
Zin
The Shining One
Beogh
Jiyva
Lugonu


Innate Abilities, Weirdness & Mutations

You are too large for most types of armour.
((You have tough skin. (AC +1)))


Message History

The catoblepas gores you!!!
You hit the catoblepas but do no damage.
The catoblepas is lightly wounded.
The catoblepas gores you!!
* * * LOW HITPOINT WARNING * * *
You completely miss the catoblepas.
The catoblepas is lightly wounded.
Aiming: Upheaval
Press: ? - help, Dir - move target cursor, f - catoblepas
Aim: a catoblepas (lightly wounded, poisoned) That beam is likely to hit you.
Continue anyway?
Okay, then.
Aiming: Upheaval
Press: ? - help, Dir - move target cursor, f - troll, p - catoblepas
Aim: a troll Magma suddenly erupts from the ground!
The blast of magma engulfs the troll!
The troll is moderately wounded.
The catoblepas gores you!!
You die...

▓.▓
▓.▓
▓'▓
▓[▓
▓.▓
▓.▓
▓.▓
▓.▓
▓s▓
▓Y▓
▓T▓
▓o▓
▓W▓
▓o▓
▓c▓
▓.▓


You could see a catoblepas, a troll, a hungry ghost, 2 orc warriors and a
centaur.

Vanquished Creatures
  An orc warrior (D)
  An ogre (D)
  An eye of draining (D)
  A phantom (D)
  A centaur (D)
  A wight (D)
  A howler monkey (D)
  3 worker ants (D)
  An orc (D)
  2 giant cockroaches (D)
  2 hobgoblins (D)
  A rat (D)
16 creatures vanquished.

Notes
Turn   | Place    | Note
-------+----------+-------------------------------------------
     0 | D        | Cryoshakespeare the Ogre Transmuter began the quest for the
                  | Orb.
     0 | D        | Reached XP level 1. HP: 19/19 MP: 3/3
   191 | D        | Noticed an ogre
   191 | D        | Noticed a worker ant
   191 | D        | Noticed a worker ant
   191 | D        | Noticed a worker ant
   198 | D        | Killed an ogre
   198 | D        | Reached XP level 2. HP: 20/27 MP: 3/5
   198 | D        | Reached XP level 3. HP: 24/33 MP: 3/6
   198 | D        | Reached XP level 4. HP: 30/41 MP: 3/7
   203 | D        | Reached XP level 5. HP: 40/54 MP: 3/8
   235 | D        | Learned a level 3 spell: Spider Form
   370 | D        | Found a roughly hewn altar of Beogh.
   370 | D        | Found a snail-covered altar of Cheibriados.
   370 | D        | Found a shadowy altar of Dithmenos.
   370 | D        | Found a white marble altar of Elyvilon.
   370 | D        | Found a blossoming altar of Fedhas.
   370 | D        | Found an opulent altar of Gozag.
   371 | D        | Found a hazy altar of Hepliaklqana.
   372 | D        | Found a viscous altar of Jiyva.
   373 | D        | Found an ancient bone altar of Kikubaaqudgha.
   374 | D        | Found a corrupted altar of Lugonu.
   375 | D        | Found a burning altar of Makhleb.
   376 | D        | Found a sparkling altar of Nemelex Xobeh.
   377 | D        | Found an iron altar of Okawaru.
   378 | D        | Found a stormy altar of Qazlal.
   379 | D        | Found a sacrificial altar of Ru.
   380 | D        | Found a deep blue altar of Sif Muna.
   381 | D        | Found a bloodstained altar of Trog.
   382 | D        | Found a hide-covered altar of Uskayaw.
   383 | D        | Found a radiant altar of Vehumet.
   384 | D        | Found an ornate altar of the Wu Jian Council.
   385 | D        | Found a shimmering altar of Xom.
   386 | D        | Found a basalt altar of Yredelemnul.
   387 | D        | Found a glowing silver altar of Zin.
   388 | D        | Found a glowing golden altar of the Shining One.
   414 | D        | Became a worshipper of Qazlal Stormbringer
   445 | D        | Noticed a centaur
   445 | D        | Noticed an eye of draining
   445 | D        | Noticed a phantom
   445 | D        | Noticed an orc warrior
   453 | D        | Reached skill level 5 in Fighting
   453 | D        | Reached skill level 1 in Poison Magic
   456 | D        | Reached XP level 6. HP: 59/67 MP: 1/11
   466 | D        | Reached * piety under Qazlal
   466 | D        | Reached skill level 5 in Unarmed Combat
   478 | D        | Killed an eye of draining
   478 | D        | Reached skill level 5 in Dodging
   478 | D        | Reached skill level 5 in Spellcasting
   509 | D        | Killed an orc warrior
   509 | D        | Reached XP level 7. HP: 14/79 MP: 1/15
   523 | D        | Reached ** piety under Qazlal
   805 | D        | Noticed a catoblepas
   805 | D        | Noticed a troll
   805 | D        | Noticed a hungry ghost
   811 | D        | Annihilated by a catoblepas

Skill      XL: |  1  2  3  4  5  6  7 |
---------------+----------------------+-----
Transmutations | 8 |  8.1
Fighting       | 3 5 7 8 |  8.3
Dodging        | 3 4 5 6 |  6.0
Unarmed Combat | 3 4 6 |  6.3
Spellcasting   | 3 5 6 |  6.1
Poison Magic   | 2 3 |  3.6

Action                   |  1- 3 |  4- 6 |  7- 9 || total
-------------------------+-------+-------+-------++-------
Melee: Unarmed           |    23 |    38 |    19 ||    80
       Kick              |     3 |     6 |       ||     9
       Headbutt          |     3 |       |       ||     3
 Cast: Beastly Appendage |     3 |       |       ||     3
       Spider Form       |       |     2 |     1 ||     3
Invok: Upheaval          |       |       |     1 ||     1
  Use: Potion            |     2 |     1 |       ||     3
 Stab: Invisible         |       |     1 |     3 ||     4
Armor: Robe              |     3 |       |       ||     3
Dodge: Dodged            |    11 |    20 |    12 ||    43
Block: Other             |       |     1 |     1 ||     2
